 Dungeon Crawl Stone Soup version 0.29-a0-962-gc8bbfd0a37 (webtiles) character file.

Game seed: 11645827727086518196

69601 manyhoops the Brawler (level 14, -12/118 HPs)
             Began as a Demonspawn Fighter on July 30, 2022.
             Killed from afar by an acid blob (21 damage)
             ... with a splash of acid
             ... on level 3 of the Pits of Slime.
             The game lasted 00:34:32 (26169 turns).

manyhoops the Brawler (Demonspawn Fighter)         Turns: 26169, Time: 00:34:32

Health: -12/118    AC: 16    Str: 25    XL:     14   Next: 91%
Magic:  0/14       EV: 10    Int:  7    God:
Gold:   733        SH:  6    Dex: 10    Spells: 13/13 levels left

rFire   + . .      SeeInvis .     - Unarmed
rCold   + . .      Faith    .   b - +1 buckler
rNeg    . . .      Spirit   +   y - +4 chain mail {rF+}
rPois   +          Reflect  .   (helmet unavailable)
rElec   .          Harm     .   M - +2 cloak
rCorr   .          Rampage  .   (no gloves)
Will    .....                   u - +0 pair of boots
Stlth   ..........              F - amulet of guardian spirit
HPRegen 0.29/turn               p - ring "Nifos" {rPois rC+ Will- Str+3 Dex-5}
MPRegen 0.14/turn               m - +4 ring of slaying

@: corroded
A: horns 3, thin skeletal structure 1, demonic guardian 2, spiny 1, hooves 1,
dopey 1
a: no special abilities


You were on level 3 of the Pits of Slime.
You visited 4 branches of the dungeon, and saw 20 of its levels.
You also visited: Bailey.

You collected 1575 gold pieces.
You spent 842 gold pieces at shops.

Inventory:

Missiles
 L - 3 throwing nets (quivered)
Armour
 a - a +0 scale mail
 b - a +1 buckler (worn)
 i - the +4 robe of the Dragon {rCorr Slay+5}
   (You took it off Terence on level 3 of the Dungeon)

   Slay:      It affects your accuracy & damage with ranged weapons and melee
   (+5).
   rCorr:     It protects you from acid and corrosion.
 u - a +0 pair of boots (worn)
 y - a +4 chain mail of fire resistance (worn)
 D - a +0 troll leather armour
 M - a +2 cloak (worn)
 V - the +6 scale mail of Valiance {Harm rPois}
   (You found it on level 4 of the Lair of Beasts)

   rPois:     It protects you from poison.
   Harm:      It increases damage dealt and taken.
Jewellery
 m - a +4 ring of slaying (right hand)
 o - a +6 ring of dexterity
 p - the ring "Nifos" (left hand) {rPois rC+ Will- Str+3 Dex-5}
   (You found it on level 2 of the Dungeon)

   [ring of protection from cold]

   Str:       It affects your strength (+3).
   Dex:       It affects your dexterity (-5).
   rC:        It protects you from cold.
   rPois:     It protects you from poison.
   Will:      It decreases your willpower.
 v - a ring of protection from cold
 F - an amulet of guardian spirit (around neck)
 G - a ring of willpower
 Q - the ring of Miocenadd {Contam rElec rC+ Int+7 SInv}
   (You acquired it on level 4 of the Dungeon)

   [ring of see invisible]

   Int:       It affects your intelligence (+7).
   rC:        It protects you from cold.
   rElec:     It insulates you from electricity.
   SInv:      It lets you see invisible.
   Contam:    It causes magical contamination when unequipped.
Wands
 k - a wand of flame (12)
 r - a wand of charming (10)
 C - a wand of polymorph (14)
 N - a wand of digging (15)
Scrolls
 c - 2 scrolls of fear
 d - 2 scrolls of torment
 e - a scroll of silence
 f - 2 scrolls of enchant weapon
 g - a scroll of brand weapon
 h - 3 scrolls of poison
 n - 5 scrolls of amnesia
 q - 2 scrolls of immolation
 s - 5 scrolls of noise
 A - 5 scrolls of vulnerability
 B - a scroll of summoning
 P - 11 scrolls of identify
 S - a scroll of butterflies
Potions
 t - 3 potions of flight {unknown}
 w - 4 potions of invisibility
 z - 2 potions of lignification {unknown}
 E - 3 potions of resistance
 H - 2 potions of berserk rage
 I - 2 potions of haste
 J - 5 potions of curing
 K - 2 potions of mutation
 O - a potion of magic
 T - 2 potions of attraction {unknown}
Miscellaneous
 l - a phantom mirror


   Skills:
 + Level 13.5 Fighting
 - Level 9.2 Armour
 - Level 7.0 Dodging
 - Level 6.2 Shields
 + Level 17.5 Unarmed Combat


You had 13 spell levels left.
You didn't know any spells.
Your spell library contained the following spells:

 Spells                   Type           Power      Damage    Failure   Level
 Apportation              Tloc           0%         N/A       97%         1
 Freeze                   Ice            0%         1d3       97%         1
 Necrotise                Necr           0%         1d4       97%         1
 Slow                     Hex            0%         N/A       97%         1
 Summon Small Mammal      Summ           0%         N/A       97%         1
 Static Discharge         Conj/Air       0%         3-3/arc   99%         2
 Call Canine Familiar     Summ           0%         N/A       100%        3
 Confusing Touch          Hex            0%         N/A       100%        3
 Frozen Ramparts          Ice            0%         1d2       100%        3
 Mephitic Cloud           Conj/Pois/Air  0%         N/A       100%        3
 Portal Projectile        Hex/Tloc       0%         N/A       100%        3
 Vampiric Draining        Necr           0%         2d6       100%        3
 Corpse Rot               Necr/Pois/Air  0%         N/A       100%        4
 Fulminant Prism          Conj/Hex       0%         3d6       100%        4
 Hailstorm                Conj/Ice       0%         3d3       100%        4
 Leda's Liquefaction      Hex/Erth       0%         N/A       100%        4
 Passage of Golubria      Tloc           0%         N/A       100%        4
 Petrify                  Tmut/Erth      0%         N/A       100%        4
 Freezing Cloud           Conj/Ice/Air   0%         6-21      100%        5
 Metabolic Englaciation   Hex/Ice        0%         N/A       100%        5
 Simulacrum               Ice/Necr       0%         N/A       100%        6
 Statue Form              Tmut/Erth      0%         N/A       100%        6
 Dragon Form              Tmut           0%         N/A       100%        7
 Polar Vortex             Ice            0%         N/A       100%        9


Dungeon Overview and Level Annotations

Branches:
Dungeon (11/15)            Temple (1/1) D:7            Lair (5/5) D:9
 Shoals (0/4) Lair:3       Spider (0/4) Lair:3        Slime (3/5) Lair:4
    Orc (0/2) D:9          Bailey (visited)

Altars:
Ashenzari
Cheibriados
Dithmenos
Fedhas
Gozag
Hepliaklqana
Kikubaaqudgha
Makhleb
Nemelex Xobeh
Okawaru
Qazlal
Ru
Sif Muna
Trog
Uskayaw
Vehumet
Wu Jian
Xom
Yredelemnul

Shops:
D:1 [   D:3 (   D:4 ?

Annotations:
Lair:2 exclusion: 2 oklob plants


Innate Abilities, Weirdness & Mutations

You have a pair of large horns on your head.
You have a somewhat thin skeletal structure. (Dex +2, Stealth+)
A demonic guardian rushes to your aid.
You are partially covered in sharp spines.
You have large cloven feet.
You are dopey. (Int -2)


Message History

You barely resist. The acid blob spits acid at you.
The splash of acid hits you!!
* * * LOW HITPOINT WARNING * * *
A demonic guardian appears!
The azure jelly attacks as you move away!
The azure jelly is struck by your spines.
The azure jelly barely misses you.
The azure jelly hits you but does no damage.
The azure jelly hits you.
* * * LOW HITPOINT WARNING * * *
The azure jelly hits you.
* * * LOW HITPOINT WARNING * * *
Okay, then.
You feel much better. The acid blob spits acid at you.
The splash of acid hits you!
* * * LOW HITPOINT WARNING * * *
The acid corrodes you!
The azure jelly is struck by your spines.
The azure jelly hits you but does no damage. x2
The azure jelly closely misses you. The azure jelly hits you.
* * * LOW HITPOINT WARNING * * *
The great orb of eyes bites you!
* * * LOW HITPOINT WARNING * * *
Your soul eater hits the great orb of eyes!!
Unknown command.
Unknown command.
As you read the scroll of fear, it crumbles to dust.
You assume a fearsome visage.
The azure jelly looks frightened!
The acid blob resists with almost no effort.
The great orb of eyes easily resists.
The acid blob spits acid at you. The splash of acid hits you!
* * * LOW HITPOINT WARNING * * *
The acid corrodes you!
The great orb of eyes misses your soul eater.
The acid blob spits acid at you. The splash of acid hits you!!
You die...

..... ...... ##
....#....
##.##........
##.##............
...#.#.^..J....#.
................#
.......@3......#
.......G......##
.....J.........#
#..........#..#.#
...........# ....
............# # #
.#.#...>.....#
...............
#...<...........


You could see an acid blob, an azure jelly (fleeing), a great orb of eyes
(distracted, ally target) and a friendly soul eater (summoned).

Vanquished Creatures
  An azure jelly (Slime:2)
  Josephine (D:10)
  The ghost of asdu the Arsonist, a journeyman MeFE of Vehumet (D:10)
  Harold (D:11)
  6 hydras
  3 catoblepae
  A boulder beetle (Lair:5)
  Erica (D:10)
  2 two-headed ogres
  14 death yaks
  2 orc knights (Bailey)
  A shining eye (Slime:1)
  2 manticores (Lair:5)
  16 elephants
  10 black mambas
  Maurice (D:8)
  A torpor snail (Lair:5)
  An unseen horror (D:10)
  Maggie (D:9)
  A gargoyle (D:8)
  12 cane toads
  3 rime drakes
  6 komodo dragons
  4 hornets
  2 trolls
  3 polar bears
  4 dream sheep
  11 slime creatures
  Grinder (D:4)
  23 blink frogs
  12 spriggans (Lair:3)
  7 wraiths
  6 wyverns
  47 yaks
  2 redbacks (Lair:3)
  2 basilisks
  A steam dragon (D:8)
  3 acid dragons
  22 water moccasins
  7 orc warriors
  7 black bears
  2 sky beasts
  An ice beast (D:5)
  2 ogres
  3 boggarts (Lair:3)
  9 wolves
  5 centaurs
  A phantom (D:7)
  5 bullfrogs
  6 kobold brigands (Bailey)
  2 gnoll sergeants
  5 scorpions
  4 necrophages (Lair:4)
  9 wights
  13 killer bees
  2 electric eels
  2 howler monkeys (D:3)
  4 hounds
  2 gnoll boudas
  2 jellies
  10 orc priests
  4 iguanas
  4 hell rats (Lair:1)
  Terence (D:3)
  9 orc wizards
  Natasha (twice) (D:3)
  29 gnolls
  9 adders
  A shadow imp (D:6)
  A white imp (D:8)
  An ufetubus (D:4)
  3 dart slugs
  72 orcs
  8 endoplasms
  3 giant cockroaches
  11 goblins
  7 hobgoblins
  24 jackals
  A quokka (D:5)
  5 ball pythons
  3 bats (D:1)
  4 frilled lizards
  12 kobolds
  5 rats
560 creatures vanquished.

Vanquished Creatures (collateral kills)
  A catoblepas (Lair:5)
  A death yak (Lair:5)
  3 blink frogs (Lair:2)
  3 slime creatures
  A wraith (D:10)
  A basilisk (Lair:2)
  A yak (Lair:4)
  3 orc wizards
14 creatures vanquished.

Vanquished Creatures (others)
  An orc warrior (D:11)
  33 fungi
  39 plants
73 creatures vanquished.

Grand Total: 647 creatures vanquished

Notes
Turn   | Place    | Note
-------+----------+-------------------------------------------
     0 | D:1      | manyhoops the Demonspawn Fighter began the quest for the
                  | Orb.
     0 | D:1      | Reached XP level 1. HP: 18/18 MP: 1/1
   364 | D:1      | Reached skill level 2 in Unarmed Combat
   707 | D:1      | Gained mutation: You have a pair of small horns on your
                  | head. [demonic ancestry]
   707 | D:1      | Reached XP level 2. HP: 24/24 MP: 2/2
   978 | D:1      | Found Kefagobu's Antique Armour Shop.
  1245 | D:1      | Found a faded altar of an unknown god.
  1654 | D:2      | Reached XP level 3. HP: 27/29 MP: 3/3
  1688 | D:2      | Identified the ring "Nifos" {rPois rC+ Will- Str+3 Dex-5}
  2124 | D:2      | Reached skill level 3 in Unarmed Combat
  2484 | D:3      | Gained mutation: A weak demonic guardian rushes to your
                  | aid. [demonic ancestry]
  2484 | D:3      | Reached XP level 4. HP: 28/37 MP: 4/4
  2491 | D:3      | Reached skill level 4 in Unarmed Combat
  2595 | D:3      | Identified the +4 robe of the Dragon {rCorr Slay+5}
  2595 | D:3      | Noticed Terence
  2611 | D:3      | Killed Terence
  2612 | D:3      | Reached XP level 5. HP: 19/42 MP: 5/5
  2862 | D:3      | Found a broken altar of Ashenzari.
  2905 | D:3      | Identified the +6 flail of Dishonesty {vorpal, rPois rF-
                  | Int+3}
  2999 | D:3      | Noticed Natasha
  3005 | D:3      | Killed Natasha
  3006 | D:3      | Reached skill level 5 in Unarmed Combat
  3124 | D:3      | Reached XP level 6. HP: 44/48 MP: 6/6
  3503 | D:3      | Reached skill level 6 in Unarmed Combat
  4052 | D:3      | Gained mutation: You have a pair of horns on your head.
                  | [demonic ancestry]
  4052 | D:3      | Reached XP level 7. HP: 54/54 MP: 7/7
  4062 | D:3      | Noticed Natasha
  4070 | D:3      | Killed Natasha
  4230 | D:3      | Found an ornate altar of the Wu Jian Council.
  4284 | D:3      | Found Yzeo's Weapon Shoppe.
  4608 | D:4      | Reached skill level 7 in Unarmed Combat
  4671 | D:4      | Found an opulent altar of Gozag.
  4729 | D:4      | Noticed Grinder
  4731 | D:4      | Paralysed by Grinder for 4 turns
  4740 | D:4      | Killed Grinder
  4823 | D:4      | Found a hide-covered altar of Uskayaw.
  4881 | D:4      | Reached skill level 8 in Unarmed Combat
  4916 | D:4      | Reached XP level 8. HP: 60/61 MP: 8/8
  5261 | D:4      | Found Ynaxt's Magic Scroll Shoppe.
  5268 | D:4      | Bought a scroll of teleportation for 30 gold pieces
  5396 | D:5      | Entered Level 5 of the Dungeon
  5445 | D:5      | Noticed a troll
  5458 | D:5      | Killed a troll
  5459 | D:5      | Reached skill level 9 in Unarmed Combat
  5996 | D:5      | Reached skill level 10 in Unarmed Combat
  6393 | D:6      | Found a sparkling altar of Nemelex Xobeh.
  6406 | D:6      | Noticed a two-headed ogre
  6783 | D:6      | Killed a two-headed ogre
  6784 | D:6      | Reached skill level 11 in Unarmed Combat
  6784 | D:6      | Gained mutation: You are partially covered in sharp spines.
                  | [demonic ancestry]
  6784 | D:6      | Reached XP level 9. HP: 22/66 MP: 9/9
  7178 | D:6      | Found a radiant altar of Vehumet.
  7455 | D:1      | Bought a shiny chain mail for 157 gold pieces
  8029 | D:7      | Got the Omnibus of the Feathery Voyage
  8099 | D:7      | Reached skill level 5 in Armour
  8286 | D:7      | Found a basalt altar of Yredelemnul.
  8477 | D:7      | Gained mutation: You have a somewhat thin skeletal
                  | structure. (Dex +2, Stealth+) [demonic ancestry]
  8477 | D:7      | Reached XP level 10. HP: 73/73 MP: 10/10
  8599 | D:7      | Found a staircase to the Ecumenical Temple.
  8620 | Temple   | Entered the Ecumenical Temple
  9160 | D:8      | Noticed a gargoyle
  9176 | D:8      | Killed a gargoyle
  9298 | D:8      | HP: 2/73 [centaur/arrow (8)]
  9519 | D:8      | Reached skill level 5 in Fighting
  9843 | D:8      | Reached skill level 12 in Unarmed Combat
 10003 | D:8      | Noticed Maurice
 10014 | D:8      | Killed Maurice
 10345 | D:9      | Noticed Maggie
 10359 | D:9      | Killed Maggie
 10455 | D:9      | Found a staircase to the Orcish Mines.
 10526 | D:9      | Identified the +7 trident "Xaugif" {flame, rPois SInv
                  | Stlth+}
 10702 | D:9      | Noticed a two-headed ogre
 10711 | D:9      | Killed a two-headed ogre
 10712 | D:9      | Reached skill level 13 in Unarmed Combat
 11251 | D:9      | Found a staircase to the Lair.
 11302 | D:10     | Entered Level 10 of the Dungeon
 11365 | D:10     | Found a flagged portal.
 11374 | Bailey   | Entered a bailey
 11454 | Bailey   | Noticed an orc knight
 11469 | Bailey   | Killed an orc knight
 11470 | Bailey   | Gained mutation: A demonic guardian rushes to your aid.
                  | [demonic ancestry]
 11470 | Bailey   | Reached XP level 11. HP: 53/81 MP: 11/11
 11612 | Bailey   | Noticed an orc knight
 11626 | Bailey   | Gained mutation: You have large cloven feet. [potion of
                  | mutation]
 11626 | Bailey   | Gained mutation: You are robust. (+10% HP) [potion of
                  | mutation]
 11638 | Bailey   | Killed an orc knight
 11835 | Bailey   | Reached skill level 5 in Shields
 11932 | Bailey   | Found a bloodstained altar of Trog.
 11967 | D:10     | Noticed Erica
 11987 | D:10     | Killed Erica
 12126 | D:10     | Found a blossoming altar of Fedhas.
 12142 | D:10     | Found a snail-covered altar of Cheibriados.
 12687 | D:10     | Found a runed translucent gate.
 12687 | D:10     | Found a runed translucent gate.
 12687 | D:10     | Found a runed translucent gate.
 12687 | D:10     | Noticed asdu's ghost (journeyman MeFE)
 12743 | D:10     | Killed asdu's ghost
 13017 | D:10     | Noticed Josephine
 13034 | D:10     | Killed Josephine
 13044 | D:10     | Reached skill level 14 in Unarmed Combat
 13451 | D:4      | Bought a scroll of acquirement for 520 gold pieces
 13451 | D:4      | Bought a scroll of enchant armour for 75 gold pieces
 13451 | D:4      | Bought a scroll of identify for 20 gold pieces
 13451 | D:4      | Bought a scroll of butterflies for 40 gold pieces
 13451 | D:4      | Acquired the ring of Miocenadd {Contam rElec rC+ Int+7
                  | SInv}
 13616 | D:11     | Noticed Harold
 13631 | D:11     | Killed Harold
 14247 | D:11     | Identified the +0 robe of Youthful Indiscretion {Drain +Inv
                  | Will+ Regen+}
 14359 | D:11     | Noticed a two-headed ogre
 14426 | D:11     | Identified the +5 sling "Poegoaco" {venom, Str-2 Int+7}
 14937 | Lair:1   | Entered Level 1 of the Lair of Beasts
 14991 | Lair:1   | Found a gate leading to a gauntlet.
 15021 | Lair:1   | Gained mutation: You have a pair of large horns on your
                  | head. [demonic ancestry]
 15021 | Lair:1   | Reached XP level 12. HP: 94/100 MP: 12/12
 15070 | Lair:1   | Noticed a catoblepas
 15097 | Lair:1   | Killed a catoblepas
 16285 | Lair:2   | Found a blossoming altar of Fedhas.
 16736 | Lair:2   | Noticed a four-headed hydra
 16748 | Lair:2   | Killed a four-headed hydra
 16897 | Lair:2   | Reached skill level 10 in Fighting
 17723 | Lair:2   | Noticed a four-headed hydra
 17731 | Lair:2   | Killed a four-headed hydra
 17744 | Lair:2   | Noticed a six-headed hydra
 17756 | Lair:2   | Killed a six-headed hydra
 17757 | Lair:2   | Reached XP level 13. HP: 75/116 MP: 13/13
 18438 | Lair:3   | Found a staircase to the Shoals.
 18695 | Lair:3   | Got the Codex of Ruinous Evolution
 18974 | Lair:3   | Reached skill level 15 in Unarmed Combat
 20252 | Lair:3   | Found a hole to the Spider Nest.
 20791 | Lair:3   | Reached skill level 16 in Unarmed Combat
 21414 | Lair:4   | Reached XP level 14. HP: 97/129 MP: 14/14
 22227 | Lair:4   | Identified the +6 scale mail of Valiance {Harm rPois}
 22382 | Lair:4   | Found a staircase to the Slime Pits.
 22708 | Lair:5   | Entered Level 5 of the Lair of Beasts
 23423 | Lair:5   | Reached skill level 17 in Unarmed Combat
 23646 | Lair:5   | Reached skill level 1 in Dodging
 24743 | Lair:5   | Reached skill level 5 in Dodging
 25644 | Slime:1  | Entered Level 1 of the Pits of Slime
 25663 | Slime:1  | Lost mutation: You are robust. (+10% HP) [a shining eye]
 25877 | Slime:1  | Gained mutation: You are dopey. (Int -2) [a shining eye]
 26054 | Slime:3  | Noticed a rockslime
 26074 | Slime:2  | Noticed an azure jelly
 26080 | Slime:2  | Killed an azure jelly
 26156 | Slime:3  | Noticed an azure jelly
 26160 | Slime:3  | Noticed an azure jelly
 26160 | Slime:3  | Noticed an acid blob
 26169 | Slime:3  | Killed from afar by an acid blob

Illustrated notes

Levels and vault maps discovered:
D:1:      minmay_arrival_stair_chambers, layout_basic,
          ebering_ecumenical_altar_hall, serial_shops,
          nicolae_shop_overgrown_old_shop
D:2:      layout_loops_ring
D:3:      lemuel_castle_with_subvaults [lemuel_castle_interior_carwin_2],
          layout_basic, mainiacjoe_overflow_boulevard,
          nicolae_wu_jian_wuxing_cycle, serial_shops, shop, uniq_natasha,
          uniq_terence
D:4:      layout_basic, grunt_gozag_statues, nicolae_uskayaw_suspiria,
          serial_shops, nicolae_shop_stone, minmay_increasing_density,
          uniq_grinder
D:5:      layout_cave_pools, gup_sewer_entry_bowl
D:6:      layout_basic, chequers_temple_overflow_statue_of_worship,
          nemelex_xobeh_ov_fountains_minmay, mainiacjoe_overflow_cross_hatched,
          roderic_lattice_a, kennysheep_small_spiral
D:7:      layout_rooms, mainiacjoe_overflow_tiny_flanked, temple_statues
D:8:      kennysheep_ambush_hall, layout_gridville, grunt_ministairs_15,
          uniq_maurice
D:9:      layout_long_grid, lair_entry_dummy, minmay_orc_entry_temple_small,
          uniq_maggie
D:10:     layout_gridville, tso_altar, mainiacjoe_overflow_swirl,
          enter_bailey_1, ebering_ghost_rock_garden, uniq_josephine, uniq_erica
D:11:     layout_rooms, uniq_harold
Temple:   cyrus_temple_forest
Lair:1:   layout_loops_ring, gauntlet_entry_generic,
          nicolae_lair_grove_arrangements
Lair:2:   nzn_winding_woodlands_small [nzn_winding_woodlands_5x15_pool,
          nzn_winding_woodlands_center_lodge,
          nzn_winding_woodlands_5x15_garden], layout_cave_pods,
          hangedman_tree_tricks, cheibrodos_lair_caveside_slide
Lair:3:   kb_forest_paths, layout_regular_city, shoals_dummy_entry,
          spider_nest_entry_webs, beast_lair_carwin_8
Lair:4:   layout_layer_cave, slime_entry_1, roderic_carrion_pond
Lair:5:   evilmike_catoblepas_cave, layout_cave_pods,
          nicolae_quartered_pool_super
Slime:1:  layout_caves
Slime:2:  layout_caves
Slime:3:  layout_caves

Skill      XL: |  1  2  3  4  5  6  7  8  9 10 11 12 13 14 |
---------------+-------------------------------------------+-----
Unarmed Combat | 2 3 4 5 6 8 11 13 14 16 17 | 17.5
Fighting       | 4 6 7 11 13 | 13.5
Armour         | 6 7 9 |  9.2
Shields        | 3 6 |  6.2
Dodging        | 7 |  7.0

Action                   |  1- 3 |  4- 6 |  7- 9 | 10-12 | 13-15 || total
-------------------------+-------+-------+-------+-------+-------++-------
Melee: Unarmed           |   198 |   121 |   221 |   544 |   557 ||  1641
       Headbutt          |    13 |    16 |    37 |   119 |   151 ||   336
Throw: Throwing net      |       |       |     1 |       |       ||     1
Evoke: Wand              |       |       |       |     9 |       ||     9
  Use: Potion            |     6 |       |       |    14 |     8 ||    28
       Scroll            |       |       |    10 |    13 |    12 ||    35
 Stab: Sleeping          |       |       |     1 |       |       ||     1
       Distracted        |       |       |       |     1 |       ||     1
Armor: Scale mail        |   108 |     3 |       |       |       ||   111
       Robe              |       |    26 |    27 |       |       ||    53
       Chain mail        |       |       |    26 |   286 |   244 ||   556
Dodge: Dodged            |    97 |    49 |    57 |   162 |   174 ||   539
Block: Buckler           |    44 |    10 |    34 |   125 |   118 ||   331

Table legend: (Time is in decaauts)
 A = Elapsed time spent in this place.
 B = Non-inter-level travel time spent in this place.
 C = Inter-level travel time spent in this place.
 D = Time resting spent in this place.
 E = Time spent auto-exploring this place.
 F = Levels seen in this place.
 G = Mean time per level.
                   A        B        C        D        E       F      G
               +--------+--------+--------+--------+--------+-----+--------+
         Total |  25902 |  24563 |   1339 |   5042 |  15525 |  21 | 1233.4 |
       Dungeon |  14204 |  13237 |    967 |   1424 |   9611 |  11 | 1291.3 |
        Temple |     84 |     45 |     39 |      0 |     38 |   1 |   84.0 |
          Lair |  10728 |  10396 |    332 |   3255 |   5569 |   5 | 2145.6 |
    Slime Pits |    300 |    300 |      0 |    223 |      0 |   3 |  100.0 |
        Bailey |    585 |    585 |      0 |    140 |    306 |   1 |  585.0 |
               +--------+--------+--------+--------+--------+-----+--------+

Top non-repeatable levels by time:
  Lair:5: 2825 daAuts
  Lair:2: 2454 daAuts
  Lair:3: 2248 daAuts
     D:3: 2230 daAuts
    D:10: 2010 daAuts
  Lair:4: 1963 daAuts
     D:1: 1649 daAuts
     D:8: 1588 daAuts
     D:6: 1580 daAuts
  Lair:1: 1236 daAuts
     D:9: 1098 daAuts
     D:4: 865 daAuts
     D:2: 832 daAuts
     D:5: 828 daAuts
     D:7: 781 daAuts
